 Dungeon Crawl Stone Soup version 0.31.0-9-g3a7656b989 (webtiles) character file.

Game seed: 7336699374660222824

172 Axelsxxd the Trooper (level 5, -5/44 HPs)
             Began as a Formicid Fighter on Feb 1, 2024.
             Incinerated by a bombardier beetle (9 damage)
             ... with a burning spray
             ... on level 3 of the Dungeon.
             The game lasted 00:02:36 (1868 turns).

Axelsxxd the Trooper (Formicid Fighter)             Turns: 1868, Time: 00:02:36

Health: -5/44      AC:  8    Str: 23    XL:     5   Next: 83%
Magic:  5/5        EV:  9    Int:  7    God:
Gold:   125        SH:  5    Dex: 13    Spells: 4/4 levels left

rFire   x . .        a - +0 war axe
rCold   + . .        c - +0 buckler
rNeg    + + +        b - +0 scale mail
rPois   .            (helmet unavailable)
rElec   .            j - +0 cloak
rCorr   .            (no gloves)
SInv    +            (no boots)
Will    +....        (no amulet) Stlth
                     o - ring of the Raven {Ice rN+++}
HPRegen 0.27/turn    n - ring of willpower
MPRegen 0.09/turn

%: no passive effects
@: on fire, glowing
A: permanent stasis, dig shafts and tunnels, antennae 3, four strong arms
a: Dig, Shaft Self


You were on level 3 of the Dungeon.
You visited 1 branch of the dungeon, and saw 3 of its levels.

You collected 125 gold pieces.

Inventory:

Hand Weapons
 a - a +0 war axe (weapon)
Armour
 b - a +0 scale mail (worn)
 c - a +0 buckler (worn)
 j - a +0 cloak (worn)
Jewellery
 n - a ring of willpower (right hand)
 o - the ring of the Raven (left hand) {Ice rN+++}
   (You found it on level 2 of the Dungeon)

   [ring of ice]

   Ice:       It enhances your ice magic.
   rF-:       It makes you vulnerable to fire.
   rC+:       It protects you from cold.
   rN+++:     It renders you almost immune to negative energy.
Wands
 p - a wand of light (6)
Scrolls
 f - a scroll of enchant armour {unknown}
 i - a scroll of fear {unknown}
 l - a scroll of teleportation {unknown}
Potions
 d - a potion of might
 g - a potion of curing
 k - a potion of magic {unknown}
 m - a potion of cancellation {unknown}


   Skills:
 + Level 5.3 Fighting
 * Level 3.1 Axes
 + Level 3.7 Armour
 + Level 4.5 Shields
 + Level 0.8 Evocations


You had 4 spell levels left.
You didn't know any spells.
Your spell library was empty.

Dungeon Overview and Level Annotations

Branches:
Dungeon (3/15)

Altars:


Innate Abilities, Weirdness & Mutations

You cannot be hasted, slowed, berserked, paralysed or teleported.
You can dig through walls and to a lower floor.
You have a pair of large antennae on your head. (SInv)
Your four strong arms can wield two-handed weapons with a shield.


Message History

The burning spray hits you.
You are covered in liquid fire!
You barely miss the bombardier beetle. The liquid fire burns you!
The bombardier beetle bites you.
You are too injured to fight recklessly!
You are too injured to fight recklessly!
You are too injured to fight recklessly!
You are too injured to fight recklessly!
You are too injured to fight recklessly!
You are too injured to fight recklessly!
Unknown command.
You are on fire!
You are too injured to fight recklessly!
You are on fire!
You are too injured to fight recklessly!
Unknown command.
You are on fire!
You are too injured to fight recklessly!
You are too injured to fight recklessly!
You slash the bombardier beetle!
The bombardier beetle is severely wounded.
The liquid fire burns you!
* * * LOW HITPOINT WARNING * * *
You barely miss the bombardier beetle.
The bombardier beetle is severely wounded.
The liquid fire burns you!
* * * LOW HITPOINT WARNING * * *
The bombardier beetle sprays incendiary fluid at you.
The burning spray hits you.
You are even more covered in liquid fire!
It was a potion of curing.
You feel better. The liquid fire burns you!
* * * LOW HITPOINT WARNING * * *
The bombardier beetle bites you.
* * * LOW HITPOINT WARNING * * *
It was a potion of haste.
Your stasis prevents you from being hasted.
The liquid fire burns you!
You die...

#..#######
#####.........
#<......#####
######..#
.........#
....####.####
..
#....##########
###...........#
#.....@.....#
+......B....#
#.............
#.............
#########.....
..... ####


You could see a bombardier beetle.

Vanquished Creatures
  A phantom (D:3)
  Jessica (D:2)
  2 adders (D:2)
  5 dart slugs
  3 endoplasms (D:1)
  2 giant cockroaches (D:1)
  4 goblins
  3 hobgoblins
  3 jackals (D:1)
  5 quokkas
  4 ball pythons
  4 bats
  3 frilled lizards
  5 kobolds
  2 rats (D:1)
47 creatures vanquished.

Notes
Turn   | Place    | Note
-------+----------+-------------------------------------------
     0 | D:1      | Axelsxxd the Formicid Fighter began the quest for the Orb.
     0 | D:1      | Reached XP level 1. HP: 18/18 MP: 1/1
   103 | D:1      | Noticed a golden eye
   121 | D:1      | Found a faded altar of an unknown god.
   123 | D:1      | Noticed a golden eye
   128 | D:1      | Noticed a shining eye
   132 | D:1      | Noticed an eye of devastation
   154 | D:1      | Reached XP level 2. HP: 15/25 MP: 2/2
   215 | D:1      | Reached skill level 4 in Fighting
   310 | D:1      | Reached XP level 3. HP: 30/31 MP: 3/3
   982 | D:2      | Noticed Jessica
   985 | D:2      | Killed Jessica
   986 | D:2      | Reached skill level 5 in Fighting
   986 | D:2      | Reached XP level 4. HP: 39/39 MP: 4/4
  1539 | D:2      | Reached XP level 5. HP: 39/44 MP: 5/5
  1571 | D:2      | Identified the ring of the Raven {Ice rN+++}
  1834 | D:3      | Noticed a phantom
  1841 | D:3      | Killed a phantom
  1868 | D:3      | Incinerated by a bombardier beetle

Illustrated notes

Levels and vault maps discovered:
D:1:      dpeg_arrival_court, layout_loops_cross,
          hellmonk_ecumenical_altar_watching_god
D:2:      layout_loops_corners, minmay_misc_feat_x, uniq_jessica
D:3:      layout_basic, gammafunk_ghost_cemetery, uniq_crazy_yiuf_cottage

Skill      XL: |  1  2  3  4  5 |
---------------+----------------+-----
Fighting       | 4 5 |  5.3
Axes           | 3 |  3.1
Armour         | |  3.7
Shields        | |  4.5
Evocations     | |  0.8

Action                     |  1- 3 |  4- 6 || total
---------------------------+-------+-------++-------
  Melee: War axe           |    65 |    58 ||   123
    Use: Potion            |       |     2 ||     2
 Armour: Scale mail        |    47 |    47 ||    94
  Dodge: Dodged            |    18 |    28 ||    46
  Block: Buckler           |    13 |    11 ||    24
